cohdb
Replays
Latest Replays
All Replays
Popular Replays
Top Player Replays
Match Explorer
How It Works
Community
CoH3 Stats
Reddit
Sign in to upload your games and track your stats! →
Sign in with Steam
Match 43406869
Unlisted
Match 43406869
Overview
Messages
Build Orders
End
Construct Infanterie Kompanie
Selects Luftwaffe Battlegroup
Selects Luftwaffe Pioneer Support
Fallschirmpioneer Squad Paradrop
GrW 34 Mortar Team
MG 42 Machine Gun Team
Selects Stuka Strafing Run
Construct Luftwaffe Kompanie
MG 42 Machine Gun Team
Joraad
Waspinator
我的辫子在心中
GodIsBlack
GBAeko
浮軟
whiskey
buttplug paladin
0
0
Comments
sign in to comment!
No comments posted yet!